 Dungeon Crawl Stone Soup version 0.28.0-43-g3370ac3207 (webtiles) character file.

Game seed: 4930161737009200370

42 Descartes the Grasshopper (level 3, -2/27 HPs)
             Began as a Formicid Warper on Mar 18, 2022.
             Slain by Sigmund
             ... wielding a +0 scythe
              (7 damage)
             ... on level 2 of the Dungeon.
             The game lasted 00:01:57 (1471 turns).

Descartes the Grasshopper (Formicid Warper)         Turns: 1471, Time: 00:01:58

Health: -2/27      AC:  4    Str: 17    XL:     3   Next: 80%
Magic:  6/6        EV: 10    Int: 12    God:
Gold:   40         SH:  7    Dex: 10    Spells: 6/6 levels left

rFire   . . .      SeeInvis +   a - +0 hand axe
rCold   . . .      Faith    .   j - +0 kite shield
rNeg    . . .      Spirit   .   b - +0 leather armour
rPois   .          Reflect  .   (helmet unavailable)
rElec   .          Harm     .   (no cloak)
rCorr   .          Rampage  .   i - +0 pair of gloves
Will    .....                   (no boots)
Stlth   +.........              (no amulet)
HPRegen 0.09/turn               (no ring)
MPRegen 0.10/turn               (no ring)

@: no status effects
A: permanent stasis, dig shafts and tunnels, antennae 3, four strong arms
a: Dig, Shaft Self


You were on level 2 of the Dungeon.
You visited 1 branch of the dungeon, and saw 2 of its levels.

You collected 40 gold pieces.

Inventory:

Hand Weapons
 a - a +0 hand axe (weapon)
 l - a +0 mace
Missiles
 c - 5 boomerangs of dispersal (quivered)
Armour
 b - a +0 leather armour (worn)
 i - a +0 pair of gloves (worn)
 j - a +0 kite shield (worn)
Scrolls
 g - a scroll of noise {unknown}
 k - a scroll of enchant armour {unknown}
 n - a scroll of teleportation {unknown}
Potions
 d - a potion of heal wounds {unknown}
 e - 2 potions of invisibility {unknown}
 f - 2 potions of ambrosia {unknown}
 h - a potion of curing {unknown}
 m - a potion of might {unknown}


   Skills:
 - Level 2.1 Fighting
 - Level 2.0 Axes
 - Level 1.0 Throwing
 + Level 2.4 Armour
 - Level 1.7 Dodging
 + Level 1.2 Shields
 - Level 2.1 Spellcasting
 + Level 3.3 Translocations


You had 6 spell levels left.
You didn't know any spells.
Your spell library contained the following spells:

 Spells                   Type           Power      Damage    Failure   Level
 Gell's Gravitas          Tloc           9%         N/A       54%         3
 Lesser Beckoning         Tloc           9%         N/A       54%         3
 Teleport Other           Tloc           9%         N/A       54%         3
 Manifold Assault         Tloc           9%         N/A       99%         5
 Blink                    Tloc           Unusable   N/A       N/A         2

Dungeon Overview and Level Annotations

Branches:
Dungeon (2/15)

Altars:

Annotations:
D:2 Sigmund


Innate Abilities, Weirdness & Mutations

You cannot be hasted, slowed, berserked, paralysed or teleported.
You can dig through walls and to a lower floor.
You have a pair of large antennae on your head. (SInv)
Your four strong arms can wield two-handed weapons with a shield.


Message History

You hit Sigmund.
Sigmund is moderately wounded.
Sigmund says, "Look into my eyes."
Sigmund hits you with a +0 scythe!
You hit Sigmund but do no damage.
Sigmund is moderately wounded.
Sigmund gestures at you while chanting. The puff of flame hits you!
* * * LOW HITPOINT WARNING * * *
You are too injured to fight recklessly!
You are too injured to fight recklessly!
You are too injured to fight recklessly!
You are too injured to fight recklessly!
You are too injured to fight recklessly!
You are too injured to fight recklessly!
You are too injured to fight recklessly!
You are too injured to fight recklessly!
You are too injured to fight recklessly!
You are too injured to fight recklessly!
You are too injured to fight recklessly!
You are too injured to fight recklessly!
You are too injured to fight recklessly!
You are too injured to fight recklessly!
You hit Sigmund but do no damage.
Sigmund is moderately wounded.
Sigmund gestures at you while chanting. The magic dart hits you.
* * * LOW HITPOINT WARNING * * *
Sigmund gestures at you while chanting. You resist with some effort.
You hit Sigmund but do no damage.
Sigmund is moderately wounded.
Sigmund closely misses you.
You slash Sigmund!
Sigmund is heavily wounded.
Sigmund hits you but does no damage.
You hit Sigmund.
Sigmund is heavily wounded.
Sigmund hits you with a +0 scythe!
You die...

# #.# #.#.# ### ##
....#######... .#
..##........#### <##
.. #.#####..#... ..#
. #.##........ ..####
. #.##.##..#.# .....
###.)......#.###@.#
#.........†....@..#
#.#.##..#.##......#
#.#..........######
#.#..##.......######
##.#..##.#..#.......#
............#.......#
......##.##.........#
...#####.##.........#
#### #.##.#.^.....#


You could see Sigmund.

Vanquished Creatures
  A worm (D:2)
  4 ball pythons
  2 endoplasms (D:2)
  3 giant cockroaches
  2 goblins (D:1)
  3 hobgoblins (D:2)
  6 jackals (D:2)
  4 quokkas
  3 bats
  2 frilled lizards (D:1)
  2 kobolds
  A rat (D:1)
33 creatures vanquished.

Notes
Turn   | Place    | Note
-------+----------+-------------------------------------------
     0 | D:1      | Descartes the Formicid Warper began the quest for the Orb.
     0 | D:1      | Reached XP level 1. HP: 16/16 MP: 3/3
   345 | D:1      | Reached XP level 2. HP: 19/22 MP: 5/5
   346 | D:1      | Reached skill level 3 in Translocations
   913 | D:2      | Reached XP level 3. HP: 25/27 MP: 6/6
  1132 | D:2      | Reached skill level 1 in Shields
  1459 | D:2      | Noticed Sigmund
  1471 | D:2      | Slain by Sigmund

Illustrated notes

Levels and vault maps discovered:
D:1:      minmay_arrival_three_doors, layout_loops_ring, minmay_pentomino_p2
D:2:      layout_loops_cross, minmay_joined_circles, uniq_sigmund

Skill      XL: |  1  2  3 |
---------------+----------+-----
Translocations | 3 |  3.3
Armour         | 2 |  2.4
Shields        | 1 |  1.2
Fighting       | |  2.1
Axes           | |  2.0
Throwing       | |  1.0
Dodging        | |  1.7
Spellcasting   | |  2.1

Action                   || total
-------------------------++-------
Melee: Hand axe          ||   115
Armor: Leather armour    ||    33
Dodge: Dodged            ||    74
Block: Kite shield       ||    30
